 Dungeon Crawl Stone Soup version 0.31.0 (webtiles) character file.

Game seed: 13602816980870639142

102 qw the Shooter (level 4, -11/28 HPs)
             Began as a Gargoyle Hunter on Jan 19, 2024.
             Mangled by Sigmund
             ... wielding a +1 heavy scythe
              (21 damage)
             ... on level 2 of the Dungeon.
             The game lasted 00:00:03 (1440 turns).

qw the Shooter (Gargoyle Hunter)                    Turns: 1440, Time: 00:00:04

Health: -11/28     AC:  6    Str: 14    XL:     4   Next: 77%
Magic:  4/4        EV: 11    Int: 10    God:
Gold:   73         SH:  0    Dex: 15    Spells: 3/3 levels left

rFire   . . .        a - +0 shortbow
rCold   . . .        (shield currently unavailable)
rNeg    + . .        c - +0 leather armour
rPois   inf          (no helmet)
rElec   +            (no cloak)
rCorr   .            (no gloves)
SInv    .            (no boots)
Will    .....        f - amulet of regeneration
Stlth   +            (no ring)
HPRegen 1.04/turn    (no ring)
MPRegen 0.09/turn

%: no passive effects
@: confused
A: sickness immunity, AC +3, negative energy resistance 1, electricity
resistance, torment resistance 1, petrification resistance
a: no special abilities


You were on level 2 of the Dungeon.
You visited 1 branch of the dungeon, and saw 2 of its levels.

You collected 73 gold pieces.


Innate Abilities, Weirdness & Mutations

You are immune to sickness and miasma.
Your stone body is resilient. (AC +3)
You are immune to poison.
You resist negative energy. (rN+)
You are resistant to electric shocks. (rElec)
You are resistant to unholy torment.
You are immune to petrification.


   Skills:
 - Level 3.3 Fighting
 + Level 5.4 Ranged Weapons
 - Level 1.5 Dodging
 - Level 1.1 Stealth


You had 3 spell levels left.
You didn't know any spells.
Your spell library was empty.

Inventory:

Hand Weapons
 a - a +0 shortbow (weapon)
Armour
 b - a +0 helmet
 c - a +0 leather armour (worn)
Jewellery
 f - an amulet of regeneration (around neck)
Potions
 d - a potion of cancellation

Dungeon Overview and Level Annotations

Branches:
Dungeon (2/15)

Altars:

Shops:
D:2 (

Annotations:
D:2 Sigmund


Message History

The goblin hits you but does no damage.
You shoot an arrow. The arrow hits the goblin!
You kill the goblin!
1348 ||| FLEEEEING.
Things that are here:
a +0 club; a +0 club; a goblin corpse You start resting.
HP restored.
Things that are here:
a +0 club; a +0 club; a goblin corpse
b - a +0 helmet
Items here: %%%% )))) [.
You see here a +0 dagger.
The shop is a mimic!
The shop mimic chuckles harshly and vanishes in a puff of smoke!
Sigmund the Dreaded comes into view.
He is wielding a +1 heavy scythe.
Found a scroll labelled CUEL INACICH.
Sigmund shouts!
You shoot an arrow. The arrow hits Sigmund.
Sigmund is lightly wounded.
You shoot an arrow. The arrow barely misses Sigmund.
Sigmund hits you from afar with a +1 heavy scythe!
Ouch! That really hurt!
You shoot an arrow. The arrow closely misses Sigmund.
You shoot an arrow.
The arrow hits Sigmund but does no damage.
Sigmund is lightly wounded.
Sigmund hits you from afar with a +1 heavy scythe!
You shoot an arrow. The arrow closely misses Sigmund.
You shoot an arrow. The arrow barely misses Sigmund.
Sigmund gestures at you while chanting.
You are confused.
Sigmund points at you and mumbles some strange words.
The magic dart hits you. Sigmund gestures at you while chanting.
You resist with some effort.
Sigmund hits you from afar with a +1 heavy scythe!!
Ouch! That really hurt!
You die...
Sigmund begins carving another notch in his scythe.

###.###..#.# ..#.#.#..#.#
#.....# ###.#.#....#
###.....# .........###
........#
.........####.##.....#
###.#.#.......##.....##.
#...# #..###..##...?....
###.###...##..##..@.....
..........##..##@####
..#..###..##..##....#
.....# #......##.##......
..#..###..#.####.#####.##
..#.......#.####.......#
.......................#
..#.#.##.##.############
....#.##.##.#
..###.......#


You could see Sigmund.

Vanquished Creatures
  Jessica (D:2)
  Robin (D:2)
  4 adders (D:2)
  A ribbon worm (D:2)
  2 ball pythons (D:2)
  2 endoplasms (D:1)
  A giant cockroach (D:1)
  9 goblins
  3 hobgoblins (D:2)
  A frilled lizard (D:1)
  2 kobolds (D:1)
  2 rats
29 creatures vanquished.

Notes
Turn   | Place    | Note
-------+----------+-------------------------------------------
     0 | D:1      | qw the Gargoyle Hunter began the quest for the Orb.
     0 | D:1      | Reached XP level 1. HP: 12/12 MP: 1/1
     0 | D:1      | 0 ||| qw: Version: 0.3-a-132-g3d54051
     0 | D:1      | 0 ||| qw: Game counter: 202
     0 | D:1      | 0 ||| qw: Melee chars always use a shield: true
     0 | D:1      | 0 ||| qw: God list: Okawaru
     0 | D:1      | 0 ||| qw: Allow faded altars: false
     0 | D:1      | 0 ||| qw: Do Orc after clearing Dungeon:15 true
     0 | D:1      | 0 ||| qw: Do second Lair branch before Depths: true
     0 | D:1      | 0 ||| qw: Lair rune preference: random
     0 | D:1      | 0 ||| qw: Goals: Normal
     0 | D:1      | 0 ||| PLANNING D:1-11
    36 | D:1      | Found a faded altar of an unknown god.
   629 | D:1      | Reached XP level 2. HP: 17/17 MP: 2/2
   955 | D:1      | 955 ||| UPGRADING to amulet of regeneration.
   960 | D:1      | 960 ||| READING scroll labelled OLAIPACANA.
   963 | D:1      | 963 ||| READING scroll labelled DUZEOD MAOXOSE.
  1064 | D:1      | 1064 ||| READING scroll labelled TICUTT FUWUUMI.
  1064 | D:1      | 1064 ||| IDENTIFYING amethyst potion
  1065 | D:1      | 1065 ||| READING scroll labelled QEDEOQ FI ITE.
  1066 | D:1      | 1066 ||| READING scroll labelled INUTHU XURPH.
  1069 | D:1      | 1069 ||| DROPPING scroll of butterflies.
  1111 | D:2      | Found Pedghor's Weapon Shoppe.
  1144 | D:2      | Reached skill level 5 in Ranged Weapons
  1144 | D:2      | Reached XP level 3. HP: 21/21 MP: 3/3
  1196 | D:2      | Noticed Jessica
  1199 | D:2      | Killed Jessica
  1200 | D:2      | Reached skill level 3 in Fighting
  1200 | D:2      | Reached XP level 4. HP: 28/28 MP: 4/4
  1260 | D:2      | Found Lunomn's Antique Weapon Shop.
  1268 | D:2      | 1268 ||| SHOPLISTING glowing longbow (304 gold, have 73).
  1315 | D:2      | Noticed Robin
  1330 | D:2      | Killed Robin
  1340 | D:2      | HP: 7/28 [goblin/+0 club[Robin] (2)]
  1348 | D:2      | 1348 ||| FLEEEEING.
  1385 | D:2      | Found Mis Gehe's Antique Weapon Shop.
  1431 | D:2      | Noticed Sigmund
  1440 | D:2      | Mangled by Sigmund

Levels and vault maps discovered:
D:1:      dpeg_arrival_leaves_temple_mockup, layout_basic,
          hellmonk_ecumenical_altar_lost_god, serial_corexii_hall,
          corexii_hall_statues_l, chequers_hall_statues_y,
          chequers_hall_statues_y
D:2:      layout_loops_cross, serial_shops, nicolae_shop_pleasant_corner_grove,
          shop_statue, nicolae_shop_tiny_statue_garden,
          minmay_misc_feat_nine_boxes, uniq_robin, uniq_sigmund, uniq_jessica

Skill      XL: |  1  2  3 |
---------------+----------+-----
Ranged Weapons | 5 |  5.4
Fighting       | 3 |  3.3
Dodging        | |  1.5
Stealth        | |  1.1

Action                     |  1- 3 |  4- 6 || total
---------------------------+-------+-------++-------
   Fire: Shortbow          |    35 |    60 ||    95
    Use: Scroll            |     5 |       ||     5
 Armour: Leather armour    |     5 |    71 ||    76
  Dodge: Dodged            |     4 |    44 ||    48

Table legend:
 A = Non-vault XP
 B = Vault XP
 C = Vault XP percentage of total XP
 D = Non-vault monster count
 E = Vault monster count
 F = Vault count percentage of total count
                 A         B        C        D         E       F
            +---------+---------+-------+---------+---------+-------
      Total |      75 |      71 |  48.6 |      17 |      12 |  41.4
            +---------+---------+-------+---------+---------+-------
        D:1 |      12 |       0 |   0.0 |       8 |       0 |   0.0
        D:2 |      63 |      71 |  53.0 |       9 |      12 |  57.1
            +---------+---------+-------+---------+---------+-------
